 Dungeon Crawl Stone Soup version 0.31.0-11-ge490571c62 (webtiles) character file.

Game seed: 18323535783887135395

90950 Aviak the Fighter (level 15, -1/127 HPs)
             Began as a Demonspawn Shapeshifter on Jan 26, 2024.
             Was a High Priest of Jiyva.
             Slain by a balrug
             ... wielding a +0 demon whip
              (22 damage)
             ... on level 2 of the Abyss.
             The game lasted 00:46:12 (16848 turns).

Aviak the Fighter (Demonspawn Shapeshifter)        Turns: 16848, Time: 00:46:13

Health: -1/127     AC:  6    Str: 29    XL:     15   Next: 25%
Magic:  0/15       EV: 25    Int:  9    God:    Jiyva [*****.]
Gold:   338        SH:  0    Dex: 17    Spells: 14/14 levels left

rFire   . .          .
                       - Unarmed
rCold   + + +        (shield currently unavailable)
rNeg    . . .        a - melded +0 animal skin
rPois   +            (helmet unavailable)
rElec   .            g - +1 cloak of Tenacity {Str+3}
rCorr   +            M - +2 pair of gloves {Str+3}
SInv    +            e - +0 pair of boots
Will    +....        V - amulet of Lofoykk Zegg {Spirit Rampage rC+++ Int-2 SInv}
Stlth   +            X - ring of Birdsong {rCorr Str+5 Int-5 Dex+4}
HPRegen 1.85/turn    P - ring of poison resistance
MPRegen 0.86/turn

%: guardian spirit, rampage
@: brilliant, flux-form, hasted, glowing, very quick
A: glow, contaminating, hooves 1, repulsion field 2, powered by death 3, spiny
3, horns 3, strong 1, [no potion heal 2], [subdued magic 2], [inability to drink
after injury 2]
a: Begin Untransformation, Renounce Religion, Oozemancy, Slimify


You were on level 2 of the Abyss.
You worshipped Jiyva.
Jiyva was extremely pleased with you.
You were something dangerously unstable.
You visited 4 branches of the dungeon, and saw 23 of its levels.
You visited the Abyss 1 time.
You also visited: Bailey.

You collected 2887 gold pieces.
You spent 2549 gold pieces at shops.

Inventory:

Hand Weapons
 r - the +8 hand axe "Zupsoq" {pain, rF++ Will- Str+3 Dex+3}
   (You took it off an orc on level 4 of the Dungeon)

   Str+3:     It affects your strength (+3).
   Dex+3:     It affects your dexterity (+3).
   rF++:      It greatly protects you from fire.
   Will-:     It decreases your willpower.
 N - the +7 Throatcutter {drain, coup de grace}
   (You found it on level 10 of the Dungeon)
Missiles
 T - 3 throwing nets (quivered) {!f}
Armour
 a - a +0 animal skin (melded)
 e - a +0 pair of boots (worn)
 g - the +1 cloak of Tenacity (worn) {Str+3}
   (You found it on level 7 of the Dungeon)

   Str+3:     It affects your strength (+3).
 i - a +2 kite shield of protection
 q - a +0 helmet
 w - a +0 tower shield
 H - the +0 chain mail "Boje" {Will+ Dex+5}
   (You found it on level 7 of the Dungeon)

   Dex+5:     It affects your dexterity (+5).
   Will+:     It increases your willpower.
 K - the +3 ring mail of Broken Taboos {rPois rCorr}
   (You found it on level 8 of the Dungeon)

   rPois:     It protects you from poison rCorr: It protects you from acid and
   corrosion.
 M - a +2 pair of gloves of strength (worn)
Jewellery
 o - an amulet of reflection
 A - a +4 ring of protection
 C - a ring of protection from cold
 E - an amulet of regeneration
 P - a ring of poison resistance (right hand)
 V - the amulet of Lofoykk Zegg (around neck) {Spirit Rampage rC+++ Int-2 SInv}
   (You bought it in a shop on level 2 of the Orcish Mines)

   [amulet of guardian spirit]

   Spirit:    It causes incoming damage to be divided between your reserves of
   health and magic.
   Int-2:     It affects your intelligence (-2).
   rC+++:     It renders you almost immune to cold.
   SInv:      It lets you see invisible.
   Rampage:   It bestows one free step when moving towards enemies.
 X - the ring of Birdsong (left hand) {rCorr Str+5 Int-5 Dex+4}
   (You bought it in a shop on level 2 of the Orcish Mines)

   [ring of resist corrosion]

   Str+5:     It affects your strength (+5).
   Int-5:     It affects your intelligence (-5).
   Dex+4:     It affects your dexterity (+4).
   rCorr:     It protects you from acid and corrosion.
 Z - a ring of see invisible
Talismans
 d - a flux talisman (active)
Wands
 k - a wand of digging (10)
 v - a wand of roots (6)
 B - a wand of acid (3)
 F - a wand of charming (7)
 O - a wand of flame (12)
 U - a wand of mindburst (9)
Scrolls
 b - 2 scrolls of brand weapon
 j - 4 scrolls of fog
 m - 4 scrolls of enchant armour
 n - 3 scrolls of enchant weapon
 p - 3 scrolls of vulnerability {!r}
 t - 7 scrolls of teleportation
 u - 6 scrolls of noise {!r!r}
 y - a scroll of poison
 D - 3 scrolls of silence {!r}
 I - 2 scrolls of amnesia
 J - 2 scrolls of immolation
Potions
 c - 11 potions of curing
 f - 2 potions of haste
 h - a potion of heal wounds
 l - 2 potions of invisibility
 s - 5 potions of mutation {!q}
 x - a potion of magic {unknown}
 z - a potion of enlightenment {unknown}
 G - 2 potions of berserk rage {unknown}
 L - a potion of cancellation {unknown}
 Q - a potion of brilliance
 R - a potion of attraction {unknown}
 S - a potion of degeneration {unknown}
 W - 2 potions of resistance


   Skills:
 + Level 14.6 Fighting
 + Level 10.4 Dodging
 - Level 12.0 Unarmed Combat
 - Level 6.3 Evocations
 + Level 13.4 Shapeshifting


You had 14 spell levels left.
You didn't know any spells.
Your spell library contained the following spells:

 Spells                   Type           Power      Damage    Failure   Level
 Magic Dart               Conj           0%         1d3       30%         1
 Sting                    Conj/Alch      0%         1d3       30%         1
 Blink                    Tloc           0%         N/A       43%         2
 Call Imp                 Summ           0%         N/A       43%         2
 Mercury Vapours          Alch/Air       0%         N/A       43%         2
 Sublimation of Blood     Necr           0%         N/A       43%         2
 Call Canine Familiar     Summ           0%         N/A       69%         3
 Fugue of the Fallen      Necr           0%         N/A       69%         3
 Ozocubu's Armour         Ice            0%         N/A       69%         3
 Sigil of Binding         Hex            0%         N/A       69%         3
 Stone Arrow              Conj/Erth      0%         3d7       69%         3
 Animate Armour           Summ/Erth      0%         N/A       98%         4
 Cause Fear               Hex            0%         N/A       98%         4
 Dimensional Bullseye     Hex/Tloc       0%         N/A       98%         4
 Manifold Assault         Tloc           0%         N/A       98%         4
 Olgreb's Toxic Radiance  Alch           0%         N/A       98%         4
 Petrify                  Alch/Erth      0%         N/A       98%         4
 Fireball                 Conj/Fire      0%         3d3       100%        5
 Freezing Cloud           Conj/Ice/Air   0%         6-21      100%        5
 Irradiate                Conj/Alch      0%         3d11      100%        5
 Silence                  Hex/Air        0%         N/A       100%        5
 Conjure Ball Lightning   Conj/Air       0%         3x3d6     100%        6
 Summon Hydra             Summ           0%         N/A       100%        7
 Lehudib's Crystal Spear  Conj/Erth      0%         10d2      100%        8
 Dragon's Call            Summ           0%         N/A       100%        9


Dungeon Overview and Level Annotations

Branches:
Dungeon (15/15)            Temple (1/1) D:7            Lair (5/5) D:9
 Shoals (0/4) Lair:2        Snake (0/4) Lair:2        Slime (0/5) Lair:4
    Orc (2/2) D:9          Depths (0/4) D:15         Bailey (visited)
    Elf: Orc:2       Vaults: D:13-14

Altars:
Ashenzari
Cheibriados
Dithmenos
Fedhas
Gozag
Hepliaklqana
Kikubaaqudgha
Makhleb
Nemelex Xobeh
Okawaru
Qazlal
Ru
Sif Muna
Trog
Uskayaw
Vehumet
Wu Jian
Xom
Yredelemnul
Jiyva

Shops:
D:6 *   D:9 [   Orc:1 !   Orc:2 (=**

Portals:
Pandemonium: Orc:2

Annotations:
D:8 3 runed translucent doors
D:12 Erolcha
D:15 1 runed translucent door, sanka's ghost, journeyman TrMo
Lair:2 exclusion: oklob plant
Lair:3 exclusion: oklob plant
Lair:4 2 transporters, Kyusiynim's ghost, journeyman GnEn


Innate Abilities, Weirdness & Mutations

You are something dangerously unstable.
You glow with magical radiation, making you easy to see and hit.
Foes you strike become dangerously contaminated with magical radiation.
You are incapable of wielding weapons or throwing items.
You have large cloven feet.
You are surrounded by a moderate repulsion field. (EV +3)
You regenerate a lot of health from kills.
You are completely covered in sharp spines.
You have a pair of large horns on your head.
Your muscles are strong. (Str +4, Int/Dex -1)
[Potions cannot restore your health.]
[Your spells are easier to cast, but less powerful.]
[You sometimes lose the ability to drink potions when taking damage.]


Message History

Something smites you! The balrug gestures at you. The bolt of fire hits you!
Okay, then.
Aiming: Mindburst
Press: ? - help, Shift-Dir - straight line, f - balrug
Aim: a balrug, wielding a +0 demon whip (chance to affect: 0%)
Okay, then.
It was a potion of brilliance.
You feel clever all of a sudden. The balrug gestures at you.
The bolt of fire misses you.
You punch the balrug!
The balrug begins to glow.
You headbutt the balrug, but do no damage.
The balrug is lightly wounded.
The balrug hits you with a +0 demon whip!
You are engulfed in flames!
You closely miss the balrug.
The balrug is lightly wounded.
You punch the balrug!
The balrug glows dangerously bright.
You headbutt the balrug.
The balrug is lightly wounded.
The balrug is struck by your spines.
The balrug hits you with a +0 demon whip.
You are engulfed in flames!!
* * * LOW HITPOINT WARNING * * *
You feel yourself speed up.
The laughing skull gives a hideous shriek!
The balrug is struck by your spines. The balrug closely misses you.
The balrug is struck by your spines. The balrug barely misses you.
You barely miss the balrug.
You headbutt the balrug, but do no damage.
The balrug is severely wounded.
You barely miss the balrug.
The balrug is severely wounded.
The balrug is struck by your spines.
The balrug hits you with a +0 demon whip!
* * * LOW HITPOINT WARNING * * *
You are engulfed in flames!!
You die...

.## . ....#.. #
.. ##... #.#
...## ..... .
#.....##..###*##
. .......##.
.#.#. . ...
.#.## .... #
##.#...... ...
..#....#.###...#
##....#.#p# .
.....##2# #.
..2..z.... #
......#.....####
.#.. ....##.#
....#... .. ..
.#.. #.. . .#.##
.## ##.. .#


You could see a balrug (heavy contam) and a laughing skull.

Vanquished Creatures
  Kirke (D:14)
  A frost giant (D:15)
  An orc warlord (Orc:1)
  Azrael (D:13)
  Harold (D:10)
  3 hydras
  3 demonspawn (Orc:2)
  A vault guard (D:14)
  2 catoblepae
  3 centaur warriors (D:14)
  4 death yaks (Lair:5)
  2 boulder beetles
  5 two-headed ogres
  A tengu warrior (D:15)
  A deep elf knight (D:14)
  3 orc high priests (Orc:2)
  Nergalle (Lair:3)
  A wretched star (Abyss:2)
  2 skysharks
  The ghost of Skimidon the Gusty, a novice HuWn of Jiyva (D:6)
  A skeletal warrior (D:14)
  A harpy (Lair:2)
  7 orc knights
  8 orc sorcerers (Orc:2)
  2 manticores
  2 cyclopes
  14 elephants
  3 black mambas
  A kobold blastminer (Orc:2)
  A torpor snail (Lair:1)
  11 cane toads
  A gargoyle (D:13)
  A rime drake (Lair:1)
  13 komodo dragons
  6 trolls
  2 red devils (Orc:2)
  5 polar bears
  Grinder (D:3)
  21 blink frogs
  5 hornets (Lair:5)
  2 dream sheep (Lair:5)
  A vampire (D:10)
  A shadow (D:9)
  2 wraiths (D:11)
  4 wyverns
  14 spriggans (Lair:5)
  2 fire elementals (D:13)
  Eustachio (D:5)
  3 hogs (D:14)
  A spriggan (shapeshifter) (D:14)
  56 yaks
  2 basilisks
  A steam dragon (D:6)
  A warg (Orc:2)
  6 vampire mosquitoes
  Menkaure (D:4)
  A naga (Lair:2)
  An acid dragon (D:8)
  13 water moccasins
  3 hell hounds (D:13)
  5 black bears
  A swamp drake (Lair:1)
  A sky beast (D:6)
  40 orc warriors
  4 ice beasts
  3 boggarts (Lair:5)
  27 wolves
  5 ogres
  7 centaurs
  2 phantoms
  7 kobold brigands
  11 bullfrogs
  A gnoll sergeant (D:6)
  2 scorpions (D:6)
  7 wights
  4 howler monkeys
  3 bombardier beetles
  6 hounds
  A jelly (D:8)
  3 gnoll boudas
  20 orc priests
  3 sleepcaps
  An iguana (D:5)
  Terence (D:3)
  11 orc wizards
  7 hell rats (Lair:1)
  Robin (D:2)
  6 adders
  19 gnolls
  2 shadow imps
  2 ufetubi (D:5)
  2 dart slugs
  7 ribbon worms
  65 orcs
  3 bats
  6 endoplasms
  8 giant cockroaches
  13 goblins
  8 hobgoblins
  27 kobolds
  3 quokkas
  9 ball pythons
  A frilled lizard (D:3)
  5 rats
630 creatures vanquished.

Vanquished Creatures (others)
  A two-headed ogre (D:14)
  An orc sorcerer (Orc:2)
  A cane toad (shapeshifter) (D:14)
  A blink frog (Lair:5)
  4 slime creatures (D:14)
  5 boggarts (D:14)
  3 orc warriors
  A kobold brigand (Bailey)
  31 jellies
  4 orc priests (Orc:2)
  10 orcs (Orc:2)
62 creatures vanquished.

Grand Total: 692 creatures vanquished

Notes
Turn   | Place    | Note
-------+----------+-------------------------------------------
     0 | D:1      | Aviak the Demonspawn Shapeshifter began the quest for the
                  | Orb.
     0 | D:1      | Reached XP level 1. HP: 15/15 MP: 1/1
   220 | D:1      | Got the Book of Conduction
   660 | D:1      | Gained mutation: You are partially covered in sharp spines.
                  | [demonic ancestry]
   660 | D:1      | Reached XP level 2. HP: 11/21 MP: 2/2
   751 | D:2      | Noticed Robin
   902 | D:2      | Gained mutation: You regenerate a little health from kills.
                  | [demonic ancestry]
   902 | D:2      | Reached XP level 3. HP: 25/26 MP: 3/3
  1149 | D:2      | Reached skill level 2 in Fighting
  1278 | D:2      | Gained mutation: You are surrounded by a mild repulsion
                  | field. (EV +2) [demonic ancestry]
  1278 | D:2      | Reached XP level 4. HP: 27/33 MP: 4/4
  1334 | D:2      | Killed Robin
  1847 | D:3      | Noticed an ogre
  1851 | D:3      | Killed an ogre
  1852 | D:3      | Gained mutation: You regenerate health from kills. [demonic
                  | ancestry]
  1852 | D:3      | Reached XP level 5. HP: 5/39 MP: 5/5
  2228 | D:3      | Noticed Grinder
  2264 | D:3      | Killed Grinder
  2265 | D:3      | Reached skill level 3 in Fighting
  2265 | D:3      | Gained mutation: You regenerate a lot of health from kills.
                  | [demonic ancestry]
  2265 | D:3      | Reached XP level 6. HP: 23/47 MP: 6/6
  2341 | D:3      | Noticed an ice beast
  2342 | D:3      | Noticed Terence
  2359 | D:3      | Killed Terence
  2369 | D:3      | Killed an ice beast
  2531 | D:4      | Reached XP level 7. HP: 53/53 MP: 7/7
  2538 | D:4      | Noticed Menkaure
  2548 | D:4      | Killed Menkaure
  2656 | D:4      | Identified the +8 hand axe "Zupsoq" {pain, rF++ Will- Str+3
                  | Dex+3}
  2747 | D:4      | Reached skill level 4 in Fighting
  3250 | D:5      | Entered Level 5 of the Dungeon
  3303 | D:5      | Noticed Eustachio
  3309 | D:5      | Reached skill level 5 in Shapeshifting
  3334 | D:5      | Killed Eustachio
  3335 | D:5      | Reached skill level 5 in Unarmed Combat
  3520 | D:5      | Found an ancient bone altar of Kikubaaqudgha.
  3535 | D:5      | Gained mutation: You are surrounded by a moderate repulsion
                  | field. (EV +3) [demonic ancestry]
  3535 | D:5      | Reached XP level 8. HP: 51/61 MP: 8/8
  4498 | D:6      | Found a hide-covered altar of Uskayaw.
  4500 | D:6      | Found Siruck's General Store.
  4510 | D:6      | Reached skill level 5 in Fighting
  4510 | D:6      | Reached XP level 9. HP: 60/68 MP: 9/9
  4515 | D:6      | Bought a potion of curing for 36 gold pieces
  4515 | D:6      | Bought a scroll of identify for 24 gold pieces
  4806 | D:7      | Found a runed translucent gate.
  4806 | D:7      | Found a runed translucent gate.
  4806 | D:7      | Identified the +6 chain mail of Suots {Rampage Int+2}
  4822 | D:7      | Noticed Skimidon's ghost (novice HuWn)
  4824 | D:7      | Found a runed translucent gate.
  4867 | D:7      | Found a staircase to the Ecumenical Temple.
  4872 | Temple   | Entered the Ecumenical Temple
  5037 | D:7      | Identified the +0 chain mail "Boje" {Will+ Dex+5}
  5151 | D:7      | Reached skill level 6 in Fighting
  5221 | D:7      | Reached skill level 5 in Dodging
  5721 | D:8      | Noticed a troll
  5733 | D:8      | Killed a troll
  5779 | D:8      | Found a runed translucent gate.
  5864 | D:8      | Noticed a komodo dragon
  5873 | D:8      | Killed a komodo dragon
  5874 | D:8      | Reached skill level 7 in Fighting
  5874 | D:8      | Reached XP level 10. HP: 47/79 MP: 10/10
  5877 | D:8      | Found a runed translucent gate.
  5877 | D:8      | Found a runed translucent gate.
  5877 | D:8      | Identified the +3 ring mail of Broken Taboos {rPois rCorr}
  5877 | D:8      | Noticed a death yak
  5877 | D:8      | Noticed a death yak
  5877 | D:8      | Noticed a manticore
  6328 | D:9      | Found a staircase to the Orcish Mines.
  6330 | D:9      | Found Juitairhu's Armour Emporium.
  6351 | D:9      | Bought a +2 pair of gloves of strength for 344 gold pieces
  6453 | D:9      | Found a flagged portal.
  6462 | Bailey   | Entered a bailey
  6549 | Bailey   | Noticed an orc knight
  6553 | Bailey   | Noticed an orc knight
  6597 | Bailey   | Killed an orc knight
  6598 | Bailey   | Reached skill level 8 in Fighting
  6633 | Bailey   | Killed an orc knight
  6808 | Bailey   | Found a bloodstained altar of Trog.
  7131 | D:9      | Gained mutation: You have large cloven feet. [demonic
                  | ancestry]
  7131 | D:9      | Reached XP level 11. HP: 45/87 MP: 11/11
  7291 | D:9      | Reached skill level 9 in Fighting
  7429 | D:6      | Killed Skimidon's ghost
  7656 | D:7      | Identified the +1 cloak of Tenacity {Str+3}
  7891 | D:9      | Found a staircase to the Lair.
  7992 | D:10     | Entered Level 10 of the Dungeon
  8036 | D:10     | Noticed Harold
  8053 | D:10     | Killed Harold
  8061 | D:10     | Noticed a two-headed ogre
  8078 | D:10     | Killed a two-headed ogre
  8079 | D:10     | Reached skill level 10 in Unarmed Combat
  8113 | D:10     | Reached skill level 10 in Fighting
  8165 | D:10     | Found the +7 Throatcutter {drain, coup de grace}
  8544 | Lair:1   | Entered Level 1 of the Lair of Beasts
  8710 | Lair:1   | Found an ancient bone altar of Kikubaaqudgha.
  8937 | Lair:1   | Reached XP level 12. HP: 97/99 MP: 12/12
  9813 | Lair:2   | Noticed a boulder beetle
  9830 | Lair:2   | Reached skill level 11 in Fighting
  9846 | Lair:2   | Killed a boulder beetle
  9847 | Lair:2   | Noticed a catoblepas
  9903 | Lair:2   | Found a staircase to the Shoals.
 10303 | Lair:2   | Noticed a seven-headed hydra
 10322 | Lair:2   | Killed a seven-headed hydra
 10323 | Lair:2   | Reached skill level 1 in Evocations
 10639 | Lair:2   | Reached skill level 10 in Shapeshifting
 10688 | Lair:2   | Found a staircase to the Snake Pit.
 10874 | Lair:2   | Killed a catoblepas
 11365 | Lair:3   | Found an iron altar of Okawaru.
 11384 | Lair:3   | Noticed Nergalle
 11396 | Lair:3   | Killed Nergalle
 11572 | Lair:3   | Reached skill level 5 in Evocations
 11666 | Lair:3   | Identified the +1 flail "Xobruo" {protect, *Noise Fly
                  | rElec}
 11686 | Lair:3   | Gained mutation: You are mostly covered in sharp spines.
                  | [demonic ancestry]
 11686 | Lair:3   | Reached XP level 13. HP: 83/106 MP: 13/13
 12065 | Lair:4   | Found a transporter.
 12549 | Lair:4   | Found a transporter.
 12555 | Lair:4   | Noticed Kyusiynim's ghost (journeyman GnEn)
 12748 | Lair:4   | Found a viscous altar of Jiyva.
 12749 | Lair:4   | Found a staircase to the Slime Pits.
 12763 | Lair:4   | Became a worshipper of Jiyva Jonelaal the Shapeless
 13046 | Lair:5   | Entered Level 5 of the Lair of Beasts
 13185 | Lair:5   | Reached skill level 12 in Fighting
 13479 | Lair:5   | Reached * piety under Jiyva
 13725 | Lair:5   | Identified the +6 hand axe of Taetusmo {vamp, rElec MP+9}
 13878 | Lair:5   | Reached XP level 14. HP: 78/116 MP: 14/14
 13914 | Lair:5   | Identified the +8 dagger of Resumed Hostilities {drain,
                  | Int+5}
 14102 | Lair:5   | Reached skill level 13 in Fighting
 14494 | Orc:1    | Entered Level 1 of the Orcish Mines
 14494 | Orc:1    | Reached ** piety under Jiyva
 14637 | Orc:1    | Found Goamioj's Distillery.
 14647 | Orc:1    | Noticed an orc warlord
 14682 | Orc:1    | Killed an orc warlord
 14684 | Orc:1    | Bought 2 potions of curing for 102 gold pieces
 14684 | Orc:1    | Bought a potion of heal wounds for 85 gold pieces
 14684 | Orc:1    | Bought a potion of haste for 170 gold pieces
 14684 | Orc:1    | Bought a potion of resistance for 170 gold pieces
 14936 | Orc:2    | Entered Level 2 of the Orcish Mines
 15027 | Orc:2    | Found Komaext's General Store.
 15029 | Orc:2    | Found Yffaas's General Store.
 15121 | Orc:2    | Bought a potion of curing for 36 gold pieces
 15121 | Orc:2    | Bought a scroll of identify for 24 gold pieces
 15127 | Orc:2    | Identified a scroll of acquirement
 15130 | Orc:2    | Bought a potion of heal wounds for 55 gold pieces
 15169 | Orc:2    | Acquired a +2 kite shield of protection
 15297 | Orc:2    | Paralysed by an orc sorcerer for 5 turns
 15318 | Orc:2    | Paralysed by an orc sorcerer for 2 turns
 15356 | Orc:2    | Reached *** piety under Jiyva
 15552 | Orc:2    | Found Kaschai's Antique Weapon Shoppe.
 15552 | Orc:2    | Found a one-way gate leading to the halls of Pandemonium.
 15552 | Orc:2    | Found Locilupp's Jewellery Emporium.
 15556 | Orc:2    | Bought the amulet of Lofoykk Zegg {Spirit Rampage rC+++
                  | Int-2 SInv} for 1008 gold pieces
 15556 | Orc:2    | Bought the ring of Birdsong {rCorr Str+5 Int-5 Dex+4} for
                  | 495 gold pieces
 15762 | D:11     | Reached skill level 14 in Fighting
 15777 | D:11     | Gained mutation: You have a pair of small horns on your
                  | head. [Jiyva's grace]
 15777 | D:11     | Gained mutation: You have a pair of horns on your head.
                  | [Jiyva's grace]
 15777 | D:11     | Gained mutation: You have a pair of large horns on your
                  | head. [Jiyva's grace]
 15777 | D:11     | Gained mutation: Your muscles are strong. (Str +4, Int/Dex
                  | -1) [Jiyva's grace]
 15828 | D:13     | Reached **** piety under Jiyva
 15828 | D:13     | Found an ancient bone altar of Kikubaaqudgha.
 15945 | D:15     | Entered Level 15 of the Dungeon
 15946 | D:15     | Noticed a frost giant
 15946 | D:15     | Found a staircase to the Depths.
 15974 | D:15     | Found a runed translucent door.
 15991 | D:15     | Gained mutation: You are completely covered in sharp
                  | spines. [demonic ancestry]
 15991 | D:15     | Reached XP level 15. HP: 93/126 MP: 15/15
 16003 | D:15     | Killed a frost giant
 16007 | D:15     | Got a smoky gem with 517 turns to spare
 16027 | D:15     | Noticed sanka's ghost (journeyman TrMo)
 16177 | D:14     | Reached skill level 10 in Dodging
 16203 | D:14     | Noticed Kirke
 16215 | D:14     | Killed Kirke
 16306 | D:13     | Noticed Azrael
 16317 | D:13     | Killed Azrael
 16507 | D:11     | Identified the +1 spear of Lust {flame, rElec rN+ rCorr
                  | Stlth-}
 16521 | D:11     | Lost the smoky gem through the power of Zot.
 16787 | D:12     | Noticed Erolcha
 16792 | Abyss:2  | Cast into level 2 of the Abyss (Erolcha)
 16806 | Abyss:2  | Reached ***** piety under Jiyva
 16848 | Abyss:2  | Slain by a balrug

Illustrated notes

Levels and vault maps discovered:
D:1:      dpeg_arrival_arbitrary_c, layout_loops_ring
D:2:      layout_rooms, uniq_robin
D:3:      layout_loops_ring, minmay_vboxes, uniq_terence, uniq_grinder
D:4:      layout_rooms, serial_corexii_hall, corexii_hall_statues_s,
          corexii_hall_statues_x, minmay_strange_pillars,
          chequers_serial_rivers_small_a, uniq_menkaure
D:5:      layout_loops_ring, mainiacjoe_overflow_big_doors, uniq_eustachio
D:6:      minmay_skewed_foursquare, layout_basic, general_overflow_altar,
          serial_shops, shop, minmay_misc_feat_roman, roderic_roman_lattice,
          grunt_tough_drop
D:7:      layout_basic, temple_doors_e, biasface_ghost_orc_armoury,
          minmay_misc_feat_tower
D:8:      lemuel_bear_cage, layout_rooms
D:9:      layout_irregular_city, david_lair_shrubbed, orc_david_3,
          enter_bailey_8
D:10:     layout_rooms, uniq_harold
D:11:     layout_rooms
D:12:     layout_rooms, evilmike_butchery, uniq_erolcha
D:13:     layout_loops_ring, chequers_decorated_corner,
          nicolae_kikubaaqudgha_miasma_corner, uniq_azrael
D:14:     layout_basic, grunt_vaults_entry_fortified, st_stairs_9,
          minmay_joined_circles, uniq_kirke
D:15:     grunt_enter_depths_snipers, layout_basic,
          ebering_ghost_reflecting_pool, hangedman_decor_growths,
          grunt_decor_resistance
Temple:   compressed_dpeg_triangle_lava_temple
Lair:1:   layout_cave_pods, basic_altar, chequers_serial_rivers_micro_e, pond
Lair:2:   layout_cave_pods, nicolae_shoals_entry_roost,
          guppyfry_snake_entry_island
Lair:3:   layout_roguey, lemuel_oklob_altar, uniq_nergalle
Lair:4:   layout_small_grid, slime_entry_1, gammafunk_ghost_berserking_beasts
Lair:5:   minmay_lair_end_enchanted_forest, layout_gridlike,
          serial_bayou_shore_b
Orc:1:    layout_diamond_mine, serial_shops, nicolae_diamond_shop
Orc:2:    pf_orc_diabolical, layout_caves
Abyss:2:  base:
Orc:1

Skill      XL: |  1  2  3  4  5  6  7  8  9 10 11 12 13 14 15 |
---------------+----------------------------------------------+-----
Dodging        | 2 3 5 7 9 10 | 10.4
Unarmed Combat | 3 4 5 6 7 9 10 11 12 | 12.0
Shapeshifting  | 3 4 5 7 8 10 12 13 | 13.4
Fighting       | 2 3 4 5 7 8 10 11 12 14 | 14.6
Evocations     | 5 6 |  6.3

Action                     |  1- 3 |  4- 6 |  7- 9 | 10-12 | 13-15 || total
---------------------------+-------+-------+-------+-------+-------++-------
  Melee: Unarmed           |    98 |   126 |   423 |   689 |   981 ||  2317
         Punch             |     4 |     5 |     3 |       |       ||    12
         Headbutt          |       |       |       |       |    57 ||    57
Ability: Begin Untransform |       |       |     1 |       |       ||     1
  Evoke: Wand              |       |       |     3 |    15 |    12 ||    30
    Use: Potion            |     2 |     4 |     1 |     3 |     5 ||    15
         Scroll            |       |     2 |     3 |     6 |    11 ||    22
   Stab: Sleeping          |     2 |       |     1 |       |       ||     3
         Invisible         |       |     4 |       |       |       ||     4
         Held in net/web   |       |       |     1 |       |       ||     1
         Petrified         |       |       |       |       |     2 ||     2
         Distracted        |       |       |       |       |     1 ||     1
 Armour: Animal skin       |    47 |    43 |    28 |       |       ||   118
         Skin              |     3 |       |   103 |   252 |   463 ||   821
  Dodge: Dodged            |    42 |    53 |   265 |   498 |   912 ||  1770
  Block: Other             |     1 |    19 |    83 |   136 |   164 ||   403
         Reflection        |       |     1 |     2 |     5 |     8 ||    16
   Form: Beast             |       |       |     1 |       |       ||     1
         Flux              |       |       |     1 |       |       ||     1
